 Dungeon Crawl Stone Soup version 0.20.1-1-g8b1a95d (webtiles) character file.

3329 Fandomethor the Schismatic (level 9, -3/72 HPs)
             Began as a Demonspawn Abyssal Knight on Sept 12, 2017.
             Was an Elder of Lugonu.
             Slain by a hornet (10 damage)
             ... on level 8 of the Dungeon.
             The game lasted 00:37:05 (8524 turns).

Fandomethor the Schismatic (DsAK)                   Turns: 8524, Time: 00:37:05

Health: -3/72      AC: 12    Str: 13    XL:     9   Next: 71%
Magic:  15/15      EV: 10    Int: 13    God:    Lugonu [****..]
Gold:   401        SH:  0    Dex: 16    Spells: 8/8 levels left

rFire    + . .     SeeInvis +   K - +1 morningstar (freeze)
rCold    x . .     Gourm    .   (no shield)
rNeg     . . .     Faith    .   o - +0 chain mail
rPois    .         Spirit   .   (helmet restricted)
rElec    .         Reflect  .   (no cloak)
rCorr    .         Harm     .   E - +0 pair of gloves
MR       +....     Rnd*Rage +   (no boots)
Stlth    ..........             I - amulet of magic regeneration
Regen    0.3/turn               d - ring of fire
MPRegen  0.3/turn               A - ring of see invisible

@: slowed, drained, very slow
A: horns 1, berserk 1, magic resistance 1, powered by pain 2, shaggy fur 1,
sturdy frame 1
a: Depart the Abyss, Bend Space, Banish, Corrupt, Renounce Religion


You were on level 8 of the Dungeon.
You worshipped Lugonu.
Lugonu was greatly pleased with you.
You were not hungry.

You visited 1 branch of the dungeon, and saw 9 of its levels.
You visited the Abyss 1 time.

You collected 401 gold pieces.

Inventory:

Hand Weapons
 a - a +1 mace
 n - a +2 hand axe of draining
 p - a +1 hand axe of flaming
 K - a +1 morningstar of freezing (weapon)
Armour
 b - a +0 leather armour
 o - a +0 chain mail (worn)
 w - a +0 plate armour
 E - a +0 pair of gloves (worn)
Jewellery
 d - a ring of fire (left hand)
 A - a ring of see invisible (right hand)
 I - an amulet of magic regeneration (around neck)
Wands
 B - a wand of confusion (31/48)
 D - a wand of random effects (20/48)
Scrolls
 h - a scroll of random uselessness
 m - a scroll of magic mapping {unknown}
 q - a scroll of enchant armour {unknown}
 s - 5 scrolls of remove curse
 t - a scroll of immolation {unknown}
 x - 2 scrolls of blinking {unknown}
 y - 4 scrolls of enchant weapon
 z - a scroll of teleportation {unknown}
 C - a scroll of recharging {unknown}
 F - a scroll of fog {unknown}
 J - 2 scrolls of fear {unknown}
Potions
 f - a potion of degeneration {unknown}
 g - 6 potions of curing
 i - 2 potions of mutation
 k - 3 potions of magic
 l - 2 potions of haste
 v - a potion of might
 G - a potion of resistance {unknown}
 H - a potion of flight {unknown}
Comestibles
 c - 5 bread rations
 j - 3 meat rations
 r - 5 royal jellies
 u - 2 chunks of flesh


   Skills:
 + Level 7.0(6.8) Fighting
 - Level 5.2(5.3) Axes
 + Level 2.1(3.8) Maces & Flails
 + Level 5.9(5.7) Armour
 + Level 5.7(5.5) Dodging
 + Level 8.1(7.9) Invocations


You had 8 spell levels left.
You didn't know any spells.

Dungeon Overview and Level Annotations

Branches:
Dungeon (9/15)             Temple (0/1) D:5
   Lair: D:8-11         Orc: D:9-12

Altars:
Fedhas
Gozag
Kikubaaqudgha
Makhleb
Nemelex Xobeh
Qazlal
Trog
Yredelemnul
Zin
The Shining One

Annotations:
D:7 1 transporter


Innate Abilities, Weirdness & Mutations

You have a pair of small horns on your head.
You sometimes gain power by taking damage.
Your movements are slightly less encumbered by armour. (ER -2)
You tend to lose your temper in combat.
You are resistant to hostile enchantments. (MR+)
You are covered in fur. (AC +1)


Message History

You see here a quarterstaff. 3 gnolls come into view.
The gnoll shouts!
A hornet and a zombie come into view.
Found a stone staircase leading down.
A worker ant comes into view.
A centaur zombie comes into view.
The hornet stings you but does no damage.
The hornet stings you.
You feel yourself slow down. The worker ant barely misses you.
The hornet stings you!
* * * LOW HITPOINT WARNING * * *
You suddenly lose the ability to move!
The adder zombie bites you but does no damage.
The worker ant bites you but does no damage.
You can move again.
The adder zombie misses you. The hornet barely misses you. The gnoll hits you.
* * * LOW HITPOINT WARNING * * *
The adder zombie bites you but does no damage.
The hornet stings you!
You die...

........ .####### .#
... .### #..# ...# #
####..#
...###.#.....#
.......#.....# #
...###......g#####.#
...# #......gZgy@..#
.#####.......gaZ####
................#
............##..#
###########.##..#
#.##..#
########.##..#
####........##..#
.....#########..#


You could see a hornet, a gnoll sergeant, a worker ant, 3 gnolls, an adder
zombie and a centaur zombie.

Vanquished Creatures
  A wyvern (D:8)
  Menkaure (D:5)
  2 sky beasts
  An orc warrior (D:9)
  2 necrophages
  3 phantoms
  2 ogres
  A centaur (D:8)
  Blork the orc (D:5)
  3 bullfrogs
  4 scorpions
  10 killer bees
  5 wights (D:8)
  4 howler monkeys
  2 crimson imps (D:5)
  A bullfrog zombie (D:8)
  A centaur zombie (D:5)
  A jelly (D:6)
  2 orc wizards
  3 orc priests
  4 hounds
  A bullfrog skeleton (D:3)
  3 worker ants
  2 iguanas
  A killer bee zombie (D:8)
  The ghost of cba the Sneak, a weakling SpAs (D:3)
  2 howler monkey skeletons
  7 adders
  An ooze (D:3)
  An adder zombie (D:5)
  5 worms
  3 dart slugs
  8 leopard geckos
  21 orcs
  5 giant cockroaches
  8 goblins
  6 hobgoblins
  5 jackals
  4 kobolds
  A quokka (D:5)
  2 ball pythons
  10 bats
  5 frilled lizards
  8 rats
164 creatures vanquished.

Notes
Turn   | Place    | Note
-------+----------+-------------------------------------------
     0 | Abyss:1  | Fandomethor the Demonspawn Abyssal Knight began the quest for the Orb.
     0 | Abyss:1  | Reached XP level 1. HP: 18/18 MP: 2/2
     0 | D:1      | Escaped the Abyss
   233 | D:1      | Reached skill level 1 in Dodging
   314 | D:1      | Reached * piety under Lugonu
   314 | D:1      | Gained mutation: Your movements are slightly less encumbered by armour. (ER -2) [demonic ancestry]
   314 | D:1      | Reached XP level 2. HP: 11/24 MP: 3/3
  1262 | D:2      | Gained mutation: You sometimes gain a little power by taking damage. [demonic ancestry]
  1262 | D:2      | Reached XP level 3. HP: 19/29 MP: 3/5
  1298 | D:2      | HP: 1/29 [worm (9)]
  1521 | D:2      | Noticed a moth of wrath
  1523 | D:2      | Found a bloodstained altar of Trog.
  2069 | D:3      | Reached ** piety under Lugonu
  2077 | D:3      | Reached XP level 4. HP: 37/37 MP: 6/6
  2265 | D:3      | Reached skill level 3 in Invocations
  2267 | D:3      | Reached skill level 1 in Axes
  2331 | D:3      | Found a basalt altar of Yredelemnul.
  2396 | D:3      | Reached XP level 5. HP: 30/42 MP: 7/7
  2627 | D:3      | Noticed cba's ghost (weakling SpAs)
  2637 | D:3      | Killed cba's ghost
  2726 | D:4      | Found an opulent altar of Gozag.
  2774 | D:4      | Found an ancient bone altar of Kikubaaqudgha.
  2843 | D:4      | Found a glowing golden altar of the Shining One.
  2844 | D:4      | Found a burning altar of Makhleb.
  2866 | D:4      | Noticed a phantom
  2956 | D:4      | HP: 2/42 [phantom (3)]
  2977 | D:5      | Entered Level 5 of the Dungeon
  3500 | D:4      | Gained mutation: You are covered in fur. (AC +1) [potion of mutation]
  3500 | D:4      | Gained mutation: You tend to lose your temper in combat. [potion of mutation]
  3500 | D:4      | Gained mutation: You are resistant to hostile enchantments. (MR+) [potion of mutation]
  3886 | D:4      | Noticed a phantom
  3918 | D:4      | Noticed an ogre
  3918 | D:4      | Gained mutation: You have a pair of small horns on your head. [demonic ancestry]
  3918 | D:4      | Reached XP level 6. HP: 25/48 MP: 8/8
  4017 | D:4      | Found a glowing silver altar of Zin.
  4102 | D:4      | Reached skill level 4 in Invocations
  4107 | D:4      | Noticed a sky beast
  4510 | D:4      | Killed a sky beast
  4510 | D:4      | Reached XP level 7. HP: 51/55 MP: 10/10
  4684 | D:4      | Reached skill level 5 in Fighting
  4800 | D:5      | Reached *** piety under Lugonu
  4800 | D:5      | Reached skill level 5 in Invocations
  4802 | D:5      | Noticed Menkaure
  4817 | D:5      | Killed Menkaure
  4817 | D:5      | Reached XP level 8. HP: 7/62 MP: 10/12
  5359 | D:5      | Reached skill level 6 in Invocations
  5633 | D:5      | Found a staircase to the Ecumenical Temple.
  5640 | D:5      | Noticed Blork the orc
  5651 | D:5      | Killed Blork the orc
  5831 | D:5      | Found a sparkling altar of Nemelex Xobeh.
  6928 | D:6      | Reached skill level 5 in Armour
  6966 | D:6      | Gained mutation: You sometimes gain power by taking damage. [demonic ancestry]
  6966 | D:6      | Reached XP level 9. HP: 47/67 MP: 14/14
  7216 | D:7      | Reached skill level 5 in Dodging
  7228 | D:7      | Reached skill level 7 in Invocations
  7311 | D:7      | Found a transporter.
  7359 | D:7      | Found a blossoming altar of Fedhas.
  7365 | D:7      | Found a stormy altar of Qazlal.
  7413 | D:7      | You fall through a shaft for 2 floors!
  7529 | D:9      | Reached **** piety under Lugonu
  7529 | D:9      | Reached skill level 5 in Axes
  8461 | D:8      | Reached skill level 8 in Invocations
  8522 | D:8      | Paralysed by a hornet for 1 turns
  8524 | D:8      | Slain by a hornet

Skill      XL: |  1  2  3  4  5  6  7  8  9 |
---------------+----------------------------+-----
Dodging        | 1 2 3 4 5 |  5.7
Armour         | 2 3 4 5 |  5.9
Invocations    | 3 4 5 6 8 |  8.1
Axes           | 1 2 3 4 5 |  5.2
Fighting       | 4 5 6 7 |  7.0
Maces & Flails | 2 |  2.1

Action                   |  1- 3 |  4- 6 |  7- 9 || total
-------------------------+-------+-------+-------++-------
Melee: Mace              |    90 |       |       ||    90
       Hand axe          |    48 |   193 |   408 ||   649
       Headbutt          |       |    10 |    70 ||    80
       Morningstar       |       |       |    21 ||    21
Invok: Depart the Abyss  |     1 |       |       ||     1
  Use: Scroll            |     1 |     1 |     5 ||     7
       Potion            |       |     4 |     3 ||     7
  Eat: Chunk             |     3 |     5 |    11 ||    19
       Royal jelly       |       |     1 |       ||     1
       Bread ration      |       |     1 |       ||     1
Armor: Leather armour    |    41 |       |       ||    41
       Chain mail        |    36 |    97 |   227 ||   360
Dodge: Dodged            |    98 |    71 |   210 ||   379
